 Dungeon Crawl Stone Soup version 0.30-b1-2-g02819fbbbe (webtiles) character file.

Game seed: 17178021485926004063

46 nightchill the Poker (level 3, -1/29 HPs)
             Began as a Merfolk Gladiator on Jan 14, 2024.
             Slain by a gnoll
             ... wielding a +2 heavy spear
              (5 damage)
             ... on level 2 of the Dungeon.
             The game lasted 00:01:36 (1025 turns).

nightchill the Poker (Merfolk Gladiator)            Turns: 1025, Time: 00:01:37

Health: -1/29      AC:  9    Str: 16    XL:     3   Next: 68%
Magic:  3/3        EV:  8    Int:  7    God:
Gold:   77         SH:  0    Dex: 15    Spells: 2/2 levels left

rFire   . . .        a - +0 trident
rCold   . . .        (no shield)
rNeg    . . .        j - +0 chain mail
rPois   .            c - +0 helmet
rElec   .            (no cloak)
rCorr   .            (no gloves)
SInv    .            (no boots)
Will    .....        (no amulet) Stlth
                     (no ring)
HPRegen 0.24/turn    (no ring)
MPRegen 0.08/turn

%: no passive effects
@: no status effects
A: (nimble swimmer 2), mertail
a: no special abilities


You were on level 2 of the Dungeon.
You visited 1 branch of the dungeon, and saw 2 of its levels.

You collected 77 gold pieces.

Inventory:

Hand Weapons
 a - a +0 trident (weapon)
Missiles
 d - 3 throwing nets (quivered)
 e - a javelin
Armour
 b - a +0 leather armour
 c - a +0 helmet (worn)
 j - a +0 chain mail (worn)
Jewellery
 f - a ring of ice
Scrolls
 g - a scroll of teleportation {unknown}
 h - a scroll of vulnerability {unknown}
 k - a scroll of magic mapping {unknown}
Potions
 i - a potion of curing {unknown}


   Skills:
 + Level 3.0 Fighting
 * Level 5.5 Polearms
 - Level 2.0 Throwing
 - Level 4.0 Dodging


You had 2 spell levels left.
You didn't know any spells.
Your spell library contained the following spells:

 Spells                   Type           Power      Damage    Failure   Level
 Inner Flame              Hex/Fire       0%         N/A       100%        3
 Flame Wave               Conj/Fire      0%         2d4       100%        4
 Sticky Flame             Conj/Fire      0%         2d3       100%        4


Dungeon Overview and Level Annotations

Branches:
Dungeon (2/15)

Altars:


Innate Abilities, Weirdness & Mutations

((You are very nimble when in or above water. (Stealth+, EV+, Speed+++)))
Your lower body shifts to a powerful aquatic tail in water.


Message History

The bat hits you but does no damage.
You hit the bat.
The bat is moderately wounded.
The bat barely misses you. The adder barely misses you.
The adder bites you but does no damage. The bat hits you but does no damage.
You hit the adder.
The adder is heavily wounded.
The bat hits you but does no damage. The adder bites you but does no damage.
You barely miss the adder.
The adder is heavily wounded.
The adder barely misses you. The bat closely misses you. The adder bites you.
You hit the adder.
The adder is almost dead.
The bat hits you but does no damage. The bat hits you.
A gnoll comes into view. It is wielding a +0 spear.
The adder bites you.
* * * LOW HITPOINT WARNING * * *
The bat hits you but does no damage.
The gnoll shouts!
You puncture the adder!
You kill the adder!
The bat hits you but does no damage. x3
You puncture the gnoll!
You kill the gnoll!
The bat hits you but does no damage.
The gnoll hits you from afar with a +2 heavy spear.
* * * LOW HITPOINT WARNING * * *
The bat hits you but does no damage.
Your Fighting skill increases to level 3!
The gnoll closely misses you. The bat hits you but does no damage.
Things that are here:
a +0 club; 7 stones; an adder corpse You hit the gnoll.
The gnoll is lightly wounded.
The bat hits you but does no damage.
The gnoll hits you from afar with a +0 spear.
* * * LOW HITPOINT WARNING * * *
The gnoll hits you with a +2 heavy spear.
You die...

.# ...#.#.## ####.##
###.#..... #.....#
#......... +.....#
#....#.... .....
#.#.##.### ...# ##.#.##.#
#b##..##.†#+##+## #.#
#...........# #@#
#>..#.......#
#g#####+#..†....#
..#######g##.....#......#
............)....#......#
....$...†...............#
...........#............#
...........#............#
...........#............#
#####+######............##


You could see 2 gnolls and a bat.

Vanquished Creatures
  A gnoll (D:2)
  An adder (D:2)
  2 ball pythons (D:2)
  3 bats
  An endoplasm (D:1)
  4 giant cockroaches
  2 goblins (D:1)
  4 hobgoblins
  2 jackals (D:2)
  A quokka (D:1)
  2 kobolds (D:1)
  3 rats
26 creatures vanquished.

Vanquished Creatures (others)
  4 toadstools (D:1)
4 creatures vanquished.

Grand Total: 30 creatures vanquished

Notes
Turn   | Place    | Note
-------+----------+-------------------------------------------
     0 | D:1      | nightchill the Merfolk Gladiator began the quest for the
                  | Orb.
     0 | D:1      | Reached XP level 1. HP: 16/16 MP: 1/1
   229 | D:1      | Reached XP level 2. HP: 21/23 MP: 2/2
   761 | D:1      | You fall into a shaft and drop 1 floor!
   922 | D:2      | Reached skill level 5 in Polearms
   933 | D:2      | Reached XP level 3. HP: 25/28 MP: 3/3
  1025 | D:2      | Slain by a gnoll

Illustrated notes

Levels and vault maps discovered:
D:1:      ldierk_walled_garden_2, layout_basic, chequers_serial_rivers_marsh
D:2:      minmay_chambers_of_twos, layout_basic

Skill      XL: |  1  2  3 |
---------------+----------+-----
Polearms       | 5 |  5.5
Fighting       | 3 |  3.0
Throwing       | |  2.0
Dodging        | |  4.0

Action                     || total
---------------------------++-------
  Melee: Trident           ||    94
   Stab: Sleeping          ||     1
 Armour: Leather armour    ||     7
         Chain mail        ||    47
  Dodge: Dodged            ||    49
